Map: Lightshade LE

Players

Scarlett

  • Race: Zerg Zerg
  • Spawn Location: 11:00

uThermal - Winner!

  • Race: Terran Terran
  • Spawn Location: 5:00

Event: IEM Katowice 2021

VOD

Have the link to the VOD?

Description

Time

  • Played on: Feb. 20, 2021, 11:31 a.m.
  • Length: 11:31
Show
View Real Time Build Order
Export as new Build Order

Scarlett Zerg 

Build Orders: Hatch First, Muta Ling Bane 

Get SALT Encoding   

  12  0:00  Drone  
  13  0:12  Overlord  
  13  0:16  Drone  
  14  0:30  Drone x2  
  16  0:46  Hatchery  
  15  0:50  Drone  
  15  0:54  Drone  
  17  0:57  Drone  
  18  1:08  Extractor  
  17  1:12  Spawning Pool  
  17  1:15  Drone  
  18  1:18  Drone  
  18  1:28  Drone  
  19  1:38  Drone  
  20  1:50  Drone  
  21  1:58  Queen x2  
  21  1:59  Zergling x2  
  21  2:00  Zergling x2  
  27  2:11  Hatchery  
  26  2:16  Overlord  
  26  2:20  Drone  
  27  2:23  Drone  
  28  2:35  Metabolic Boost  
  28  2:37  Drone  
  28  2:38  Drone x2  
  28  2:43  Overlord  
  31  2:45  Drone  
  34  2:55  Drone  
  34  2:57  Drone  
  36  3:05  Drone x2  
  38  3:09  Drone x3  
  41  3:14  Queen  
  41  3:15  Overlord  
  41  3:16  Queen  
  43  3:21  Drone  
  44  3:27  Queen  
  46  3:34  Drone  
  46  3:36  Zergling x2  
  46  3:37  Zergling x2  
  49  3:42  Overlord  
  49  3:43  Drone x5  
  54  3:52  Overlord, Queen  
  56  3:57  Queen  
  58  4:06  Drone x5  
  63  4:13  Overlord  
  63  4:14  Queen  
  65  4:17  Drone  
  65  4:18  Baneling Nest  
  65  4:19  Drone x2  
  67  4:25  Zergling x8  
  67  4:30  Overlord  
  71  4:34  Lair  
  71  4:37  Drone x4  
  74  4:39  Extractor, Overlord  
  73  4:50  Zergling x2  
  73  4:51  Zergling x10  
  79  4:55  Drone  
  79  4:56  Drone  
  81  5:00  Spore Crawler  
  81  5:02  Spore Crawler  
  81  5:03  Drone  
  81  5:05  Spore Crawler  
  80  5:07  Drone x2  
  80  5:08  Overlord  
  80  5:09  Drone x5  
  80  5:13  Drone  
  80  5:14  Drone  
  88  5:17  Extractor  
  88  5:19  Hatchery  
  86  5:23  Drone  
  86  5:26  Drone x2  
  89  5:31  Drone  
  89  5:34  Overseer  
  90  5:36  Spire  
  90  5:37  Overlord  
  90  5:38  Drone  
  90  5:39  Drone x5  
  95  5:43  Overlord, Drone x3  
  95  5:47  Centrifical Hooks  
  95  5:48  Extractor  
  97  5:50  Extractor  
  97  5:51  Extractor  
  97  5:55  Drone x4  
  96  6:03  Drone x4  
  100  6:14  Drone  
  100  6:15  Drone x4  
  104  6:21  Zergling x10, Evolution Chamber  
  104  6:23  Evolution Chamber  
  107  6:29  Overlord x2  
  107  6:31  Baneling x3  
  107  6:33  Overlord  
  107  6:36  Zergling x6  
  110  6:56  Overlord  
  110  6:57  Mutalisk x8  
  126  7:03  Overlord x2  
  126  7:06  Drone x3  
  129  7:17  Zergling x20  
  129  7:18  Zergling x2  
  140  7:23  Baneling x17  
  140  7:26  Zergling x6  
  143  7:41  Zergling x20  
  153  7:44  Pneumatized Carapace  
  153  7:45  Zerg Ground Armor Level 1, Zerg Melee Weapons Level 1  
  153  7:46  Zergling x4  
  153  7:47  Zergling x12  
  153  7:48  Hatchery  
  160  7:59  Drone x4  
  160  8:02  Extractor  
  160  8:03  Extractor  
  162  8:06  Zerg Flyer Weapons Level 1  
  162  8:07  Drone x5  
  162  8:08  Overlord x2  
  162  8:09  Overlord x2  
  167  8:18  Baneling x17  
  167  8:19  Zergling x2  
  168  8:34  Mutalisk x3  
  167  8:36  Zergling x2  
  167  8:37  Zergling x20  
  182  8:46  Mutalisk x2  
  186  8:50  Zergling x2  
  186  8:51  Zergling x10  
  192  9:02  Mutalisk x4  
  133  9:11  Zergling x22  
  133  9:13  Baneling x2  
  133  9:14  Baneling x6  
  133  9:15  Baneling x4  
  139  9:17  Zergling x2  
  139  9:18  Zergling x8  
  139  9:22  Zergling x2  
  139  9:23  Zergling x2, Baneling x2  
  139  9:24  Baneling x2  
  138  9:33  Zergling x14  
  140  9:42  Mutalisk x4  
  144  9:46  Zergling x10, Hatchery  
  144  9:50  Baneling x5  
  144  9:51  Zergling x6  
  146  10:00  Mutalisk  
  146  10:02  Zergling x12  
  150  10:19  Zergling x12  
  152  10:28  Zergling x8  
  144  10:36  Zergling x8  
  144  10:37  Zergling x14  
  134  10:44  Zergling x4  
  134  10:48  Baneling x7  
  134  10:49  Baneling  
  132  10:55  Mutalisk  
  133  10:59  Baneling x3  
  133  11:00  Zergling x4  
  128  11:12  Zergling x2  
  128  11:13  Zergling x24  
Show
View Real Time Build Order
Export as new Build Order

uThermal Terran - Winner!

Build Orders: Reaper Expand, Hellion Banshee 

Get SALT Encoding   

  12  0:00  SCV  
  13  0:12  SCV  
  14  0:17  Supply Depot  
  14  0:24  SCV  
  15  0:38  SCV  
  15  0:40  Barracks  
  16  0:43  Refinery  
  16  0:50  SCV  
  17  1:03  SCV  
  18  1:15  SCV  
  19  1:27  Reaper, Orbital Command  
  20  1:39  Command Center  
  20  1:47  Supply Depot  
  20  1:53  SCV  
  21  1:59  Marine  
  22  2:05  SCV  
  22  2:08  Factory  
  23  2:17  SCV  
  23  2:20  Barracks Reactor  
  24  2:29  SCV  
  25  2:38  Command Center  
  25  2:42  SCV  
  26  2:50  Orbital Command  
  26  2:54  SCV  
  27  3:00  Starport  
  27  3:06  SCV  
  27  3:08  Refinery  
  27  3:11  Hellion  
  30  3:15  Hellion  
  30  3:18  SCV  
  30  3:19  SCV  
  34  3:22  Barracks Tech Lab  
  34  3:30  SCV  
  34  3:31  SCV  
  34  3:34  Hellion  
  38  3:36  Hellion  
  40  3:42  SCV  
  40  3:43  SCV  
  40  3:48  Banshee, Marine  
  42  3:51  Orbital Command  
  42  3:54  SCV  
  47  3:56  SCV  
  47  3:59  Hellion  
  47  4:00  Hellion  
  52  4:06  SCV, Supply Depot  
  52  4:09  SCV  
  54  4:15  Cloaking Field  
  54  4:16  SCV  
  54  4:18  SCV  
  54  4:20  Barracks Tech Lab  
  54  4:22  SCV  
  56  4:25  Barracks  
  56  4:31  Banshee, SCV  
  56  4:32  SCV  
  56  4:33  Factory Reactor  
  56  4:36  Barracks  
  56  4:37  SCV  
  62  4:39  Marine  
  62  4:43  Supply Depot  
  62  4:44  SCV x2  
  65  4:47  Stimpack  
  65  4:50  SCV  
  66  4:56  SCV  
  66  4:59  Engineering Bay  
  63  5:00  Engineering Bay, Refinery  
  63  5:03  SCV, Orbital Command  
  63  5:04  Marine  
  65  5:08  SCV  
  65  5:12  Barracks x2  
  65  5:13  Refinery  
  66  5:15  SCV  
  66  5:16  Marine x2  
  66  5:20  SCV  
  70  5:21  Supply Depot, Marine  
  70  5:26  Terran Infantry Weapons Level 1, Terran Infantry Armor Level 1  
  70  5:27  SCV  
  72  5:29  SCV  
  72  5:32  SCV, Marine  
  72  5:34  Marine x2  
  72  5:35  Supply Depot  
  77  5:42  Supply Depot  
  77  5:43  Marine  
  77  5:45  Siege Tank  
  77  5:46  SCV  
  77  5:48  Starport Reactor, Marine  
  83  5:51  Marine  
  83  5:54  SCV  
  85  5:58  Marine, Supply Depot  
  85  5:59  Supply Depot  
  85  6:01  Barracks Reactor x2  
  85  6:02  SCV  
  85  6:03  SCV  
  88  6:08  SCV  
  88  6:09  Marine x2  
  91  6:15  SCV, Marine  
  91  6:17  Supply Depot, Siege Tank  
  96  6:18  Marine x2  
  96  6:21  SCV  
  96  6:24  Supply Depot  
  99  6:26  Medivac x2, Marine  
  99  6:27  Marine  
  99  6:29  SCV x2  
  107  6:33  Marine  
  107  6:34  SCV  
  107  6:36  Marine, Combat Shield  
  107  6:38  Marine  
  107  6:39  Marine x4  
  115  6:42  Refinery  
  115  6:44  Marine, Supply Depot  
  116  6:49  Siege Tank  
  116  6:51  Marine x2  
  121  6:54  Marine  
  121  6:58  Marine x2  
  121  7:01  Medivac, Barracks x2  
  124  7:02  Barracks  
  124  7:04  Marine  
  124  7:05  Marine  
  124  7:06  SCV  
  124  7:07  Marine  
  131  7:10  Missile Turret x2  
  131  7:12  Missile Turret  
  131  7:15  Supply Depot  
  130  7:17  Armory  
  130  7:21  Marine, Siege Tank  
  134  7:24  Marine  
  132  7:32  Marine  
  132  7:33  Marine  
  132  7:34  Marine x2  
  136  7:37  Medivac x2, Marine, Supply Depot  
  136  7:38  Marine, Supply Depot  
  136  7:43  Marine x2, Missile Turret  
  144  7:46  Marine  
  144  7:48  Marine  
  144  7:49  Marine  
  144  7:50  Marine  
  148  7:58  Siege Tank  
  148  7:59  Marine  
  148  8:01  Supply Depot  
  148  8:02  Marine  
  153  8:06  Marine x2  
  153  8:07  Marine  
  153  8:09  Terran Infantry Weapons Level 2  
  153  8:10  Terran Infantry Armor Level 2  
  156  8:14  Supply Depot  
  156  8:15  Marine  
  156  8:16  Supply Depot  
  156  8:17  Marine x2  
  159  8:26  Marine  
  159  8:27  Marine x2  
  160  8:29  Marine  
  160  8:30  Siege Tank  
  160  8:31  Medivac, Marine x3  
  171  8:35  Marine  
  171  8:36  Supply Depot  
  172  8:41  Medivac, Marine  
  172  8:42  Marine x3  
  172  8:46  Marine  
  176  8:51  Marine  
  175  8:55  Supply Depot  
  175  8:57  Supply Depot  
  175  9:01  Medivac  
  138  9:10  Marine  
  138  9:11  Marine x5  
  138  9:13  Medivac, Marine x6  
  138  9:16  Siege Tank  
  153  9:28  Marine  
  153  9:29  Marine x5  
  153  9:30  Marine  
  153  9:31  Marine x2  
  160  9:36  Medivac  
  163  9:41  Marine  
  163  9:42  Marine  
  163  9:43  Marine  
  163  9:45  Medivac, Marine  
  163  9:46  Marine  
  163  9:47  Marine  
  163  9:48  Siege Tank  
  163  9:52  Marine x2  
  170  10:02  Marine x2  
  170  10:05  Marine x2  
  174  10:10  Marine x2  
  174  10:12  Marine x2  
  174  10:13  Command Center  
  178  10:19  Marine  
  178  10:20  Siege Tank  
  178  10:23  Medivac, Marine x2  
  178  10:26  Marine  
  142  10:44  Medivac, Marine x11  
  142  10:45  Marine  
  156  10:52  Siege Tank  
  156  10:53  Medivac  
  161  11:02  Marine x9  
  170  11:09  Marine x2  

Tags
 
Add a new tag
Caveats
  • Supply blocks, unpowered buildings, or Contaminate may cause inaccurate times.
  • Supply counts are checked every 10 seconds.